 Dungeon Crawl Stone Soup version 0.18.1-47-g9310371 (webtiles) character file.

8299 Gagarin the Cleaver (level 11, -2/97 HPs)
             Began as a Minotaur Fighter on June 13, 2016.
             Was a High Priest of Okawaru.
             Slain by a wraith (3 damage)
             ... on level 11 of the Dungeon.
             The game lasted 00:31:52 (9147 turns).

Gagarin the Cleaver (Minotaur Fighter)              Turns: 9147, Time: 00:31:53

Health: -2/97      AC: 16    Str: 29    XL:     11   Next: 8%
Magic:  10/10      EV: 15    Int:  5    God:    Okawaru [*****.]
Gold:   326        SH:  6    Dex: 12    Spells: 0 memorised, 10 levels left

rFire  . . .     SeeInvis +     D - +8 battleaxe
rCold  . . .     Gourm    .     n - +4 ring mail "Riuwk" {Dex+2}
rNeg   . . .     Faith    .     (shield currently unavailable)
rPois  .         Spirit   .     (helmet restricted)
rElec  .         Dismiss  .     o - +2 cloak
rCorr  .         Reflect  +     (no gloves)
SustAt .         Harm     .     (no boots)
MR     .....                    y - +6 amulet of reflection
Stlth  +.........               O - ring of see invisible
                                g - +2 ring of protection

@: mighty, exhausted, slowed, very slow, not resistant to hostile enchantments,
very unstealthy
A: retaliatory headbutt, horns 2
a: Heroism, Finesse, Renounce Religion


You were on level 11 of the Dungeon.
You worshipped Okawaru.
Okawaru was extremely pleased with you.
You were not hungry.

You visited 2 branches of the dungeon, and saw 12 of its levels.

You collected 535 gold pieces.
You spent 209 gold pieces at shops.

Inventory:

Hand Weapons
 D - a +8 battleaxe (weapon)
 W - a +2 hand crossbow of evasion
Missiles
 t - 4 tomahawks of returning (quivered)
 K - 41 bolts
 T - 3 exploding tomahawks
Armour
 c - a +0 shield
 n - the +4 ring mail "Riuwk" (worn) {Dex+2}
   (You took it off an orc on level 9 of the Dungeon)

   It affects your dexterity (+2).
 o - a +2 cloak (worn)
Jewellery
 g - a +2 ring of protection (left hand)
 l - an uncursed amulet of dismissal
 x - an uncursed ring of resist corrosion
 y - a +6 amulet of reflection (around neck)
 O - a ring of see invisible (right hand)
 S - an uncursed ring of flight
 V - the ring of Aqucso Bidi {rCorr +Fly rF+ Int-4}
   (You found it on level 10 of the Dungeon)

   [ring of resist corrosion]

   It affects your intelligence (-4).
   It protects you from fire.
   It lets you fly.
 Y - an uncursed ring of fire {unknown}
Wands
 a - a wand of iceblast (3/15)
 p - a wand of digging (11/24)
 s - a wand of iceblast (1/15)
 N - a wand of acid (11/15)
 Q - a wand of acid (7/15)
Scrolls
 i - 3 scrolls of recharging
 r - 3 scrolls of identify
 u - a scroll of immolation
 v - 3 scrolls of remove curse
 z - 5 scrolls of enchant armour
 A - a scroll of fear
 H - a scroll of magic mapping {unknown}
 I - a scroll of fog
 J - a scroll of amnesia
 L - a scroll of blinking {unknown}
Potions
 d - a potion of might
 e - 2 potions of ambrosia
 q - 4 potions of brilliance
 w - a potion of magic {unknown}
 B - 2 potions of flight {unknown}
 F - 2 potions of haste {unknown}
 G - a potion of lignification {unknown}
 P - a potion of agility {unknown}
Books
 C - a book of Geomancy

   Spells                             Type                      Level
   a - Sandblast                      Earth                        1
   b - Passwall                       Transmutation/Earth          2
   c - Stone Arrow                    Conjuration/Earth            3
   d - Petrify                        Transmutation/Earth          4
   e - Lee's Rapid Deconstruction     Earth                        5
 X - a book of Transfigurations

   Spells                             Type                      Level
   a - Irradiate                      Conjuration/Transmutation    5
   b - Statue Form                    Transmutation/Earth          6
   c - Hydra Form                     Transmutation                6
   d - Dragon Form                    Transmutation                7
Miscellaneous
 m - a crystal ball of energy
 U - an ornate deck of defence {drawn: 1}
Comestibles
 b - a royal jelly
 f - 10 bread rations
 h - 4 meat rations
 j - 5 slices of pizza
 Z - a chunk of flesh


   Skills:
 + Level 9.4 Fighting
 + Level 10.9 Axes
 + Level 9.6 Armour
 + Level 7.8 Dodging
 + Level 1.5 Stealth
 + Level 9.4 Shields


You had 10 spell levels left.
You didn't know any spells.

Dungeon Overview and Level Annotations

Branches:
Dungeon (11/15)            Temple (1/1) D:5             Orc (0/2) D:10
   Lair: D:8-11

Altars:
Ashenzari
Cheibriados
Dithmenos
Fedhas
Gozag
Kikubaaqudgha
Makhleb
Nemelex Xobeh
Okawaru
Pakellas
Qazlal
Ru
Trog
Vehumet
Xom
Yredelemnul
Zin
The Shining One
Beogh

Shops:
D:6 }%*!   D:8 (

Annotations:
D:11 Maud


Innate Abilities, Weirdness & Mutations

You reflexively headbutt those who attack you in melee.
You have a pair of horns on your head.


Message History

You feel very mighty all of a sudden.
Maud hits you with an enchanted great sword!!
* * * LOW HITPOINT WARNING * * *
The wraith misses you. You furiously retaliate!
You headbutt the wraith, but do no damage.
You slash Maud! Your headbutt misses Maud.
Maud is heavily wounded.
You slash the wraith!
The wraith is moderately damaged.
Maud looks more energetic.
The wraith misses you. Maud barely misses you. You furiously retaliate!
You headbutt Maud! The wraith hits you but does no damage.
You hit Maud but do no damage.
Maud is severely wounded.
You hit the wraith.
The wraith is heavily damaged.
Maud hits you with an enchanted great sword!
* * * LOW HITPOINT WARNING * * *
The wraith hits you.
You die...

#...........#..<..<
#...........######+
#...........# ##
#...........# ...
########....#
...######...........#
...................#
#####................#
+...#.....@@.........#
#...'.....W.....###+##
.#...........#
#####...........#
+...'...........#
#...#....########
#...#....# #...#....#
#...#....#


You could see Maud and a wraith.

Vanquished Creatures
  The ghost of Gagarin the Blocker, a journeyman FoFi of Okawaru (D:9)
  An unseen horror (D:10)
  Prince Ribbit (D:7)
  A spriggan (D:9)
  A shadow (D:10)
  3 hippogriffs
  2 hungry ghosts
  A water moccasin (D:10)
  8 orc warriors
  2 sky beasts
  A wasp (D:8)
  An ice beast (D:6)
  An eye of draining (D:9)
  7 ogres
  2 phantoms
  A big kobold (D:10)
  5 giant frogs
  A wyvern zombie (D:10)
  2 scorpions (D:4)
  A wyvern skeleton (D:10)
  12 killer bees
  5 howler monkeys
  9 wights
  A giant frog zombie (D:6)
  2 centaur zombies
  4 crimson imps
  A quasit (D:9)
  3 hounds
  14 orc priests
  2 jellies
  2 iguanas
  20 orc wizards
  8 worker ants
  A killer bee zombie (D:10)
  2 hound skeletons
  2 worker ant zombies
  4 gnolls (D:2)
  9 adders
  3 shadow imps
  An adder skeleton (D:4)
  2 adder zombies
  4 dart slugs
  6 giant geckos
  53 orcs
  5 giant cockroaches
  3 goblins (D:2)
  5 hobgoblins
  11 jackals
  5 kobolds
  5 quokkas
  3 ball pythons (D:2)
  8 bats
  2 giant newts
  4 rats
264 creatures vanquished.

Vanquished Creatures (others)
  An orc (D:7)
1 creature vanquished.

Grand Total: 265 creatures vanquished

Notes
Turn   | Place    | Note
--------------------------------------------------------------
     0 | D:1      | Gagarin the Minotaur Fighter began the quest for the Orb.
     0 | D:1      | Reached XP level 1. HP: 19/19 MP: 0/0
   242 | D:1      | Reached XP level 2. HP: 26/27 MP: 1/1
   731 | D:2      | Found a sacrificial altar of Ru.
   731 | D:2      | Found a glowing golden altar of the Shining One.
   814 | D:2      | Reached XP level 3. HP: 33/33 MP: 2/2
   846 | D:2      | Reached XP level 4. HP: 27/41 MP: 3/3
   965 | D:2      | Reached skill level 3 in Axes
  1046 | D:2      | Found a radiant altar of Vehumet.
  2004 | D:3      | Reached skill level 1 in Dodging
  2004 | D:3      | Reached XP level 5. HP: 42/47 MP: 4/4
  2005 | D:3      | Reached skill level 5 in Armour
  2193 | D:4      | Found a shattered altar of Ashenzari.
  2348 | D:4      | Reached XP level 6. HP: 48/55 MP: 5/5
  2408 | D:4      | Found a basalt altar of Yredelemnul.
  2500 | D:4      | Reached skill level 5 in Fighting
  2552 | D:4      | Reached skill level 4 in Axes
  2629 | D:5      | Entered Level 5 of the Dungeon
  2662 | D:5      | Reached skill level 5 in Shields
  2810 | D:5      | Reached XP level 7. HP: 60/61 MP: 6/6
  2835 | D:5      | HP: 3/61 [orc priest/trident (8)]
  3714 | D:5      | Found a staircase to the Ecumenical Temple.
  3723 | Temple   | Entered the Ecumenical Temple
  3730 | Temple   | Became a worshipper of Warmaster Okawaru
  4010 | D:6      | Reached skill level 5 in Axes
  4090 | D:6      | Found Kyezum's Assorted Antiques.
  4112 | D:6      | Found Gila's Distillery.
  4131 | D:6      | Bought a potion of degeneration for 11 gold pieces
  4131 | D:6      | Bought a potion of heal wounds for 55 gold pieces
  4131 | D:6      | Bought a potion of curing for 33 gold pieces
  4131 | D:6      | Bought 2 potions of berserk rage for 110 gold pieces
  4195 | D:6      | Found Jumn's Food Emporium.
  4303 | D:6      | Reached XP level 8. HP: 70/70 MP: 7/7
  4467 | D:6      | Found Hoixain's Gadget Emporium.
  4721 | D:7      | Reached * piety under Okawaru
  4794 | D:7      | Found a blossoming altar of Fedhas.
  4821 | D:7      | Found a shimmering altar of Xom.
  4922 | D:7      | Reached skill level 6 in Axes
  5390 | D:7      | Reached ** piety under Okawaru
  5390 | D:7      | Reached skill level 5 in Dodging
  5393 | D:7      | Found a shadowy altar of Dithmenos.
  5629 | D:7      | Reached XP level 9. HP: 76/78 MP: 8/8
  5761 | D:7      | Noticed Prince Ribbit
  6044 | D:7      | Killed Prince Ribbit
  6108 | D:7      | Reached skill level 7 in Axes
  6320 | D:8      | Found a sparkling altar of Nemelex Xobeh.
  6406 | D:8      | Found Mehumak's Weapon Shop.
  6668 | D:8      | Reached skill level 1 in Stealth
  6873 | D:9      | Noticed Gagarin's ghost (journeyman FoFi)
  7169 | D:9      | Reached skill level 8 in Axes
  7207 | D:9      | Killed Gagarin's ghost
  7207 | D:9      | Reached *** piety under Okawaru
  7207 | D:9      | Reached XP level 10. HP: 15/86 MP: 9/9
  7684 | D:9      | Reached skill level 9 in Axes
  7692 | D:9      | Got a transparent ring mail
  7695 | D:9      | Identified the +4 ring mail "Riuwk" {Dex+2} (You took it off an orc on level 9 of the Dungeon)
  7785 | D:9      | Reached **** piety under Okawaru
  7935 | D:10     | Entered Level 10 of the Dungeon
  7959 | D:10     | Noticed an unseen horror
  7968 | D:10     | Killed an unseen horror
  7973 | D:10     | Reached skill level 10 in Axes
  7992 | D:10     | Got a bound copper ring
  7997 | D:10     | Identified the ring of Aqucso Bidi {rCorr +Fly rF+ Int-4} (You found it on level 10 of the Dungeon)
  8014 | D:10     | Reached ***** piety under Okawaru
  8697 | D:10     | Reached XP level 11. HP: 76/97 MP: 10/10
  8860 | D:10     | Found a staircase to the Orcish Mines.
  8872 | D:10     | Found a roughly hewn altar of Beogh.
  9120 | D:11     | Noticed Maud
  9147 | D:11     | HP: 1/97 [Maud/enchanted great sword (9)]
  9147 | D:11     | Slain by a wraith

Skill      XL: |  1  2  3  4  5  6  7  8  9 10 |
---------------+-------------------------------+-----
Armour         | 4 5 6 7 9 |  9.6
Fighting       | 4 5 6 7 9 |  9.4
Shields        | 4 5 6 7 8 9 |  9.4
Axes           | 3 4 5 6 8 10 | 10.9
Dodging        | 1 2 3 5 6 7 |  7.8
Stealth        | 1 |  1.5

Action                   |  1- 3 |  4- 6 |  7- 9 | 10-12 || total
-------------------------+-------+-------+-------+-------++-------
Melee: War axe           |    52 |   137 |   271 |       ||   460
       Headbutt          |     9 |    24 |    55 |    28 ||   116
       Battleaxe         |       |       |    62 |   165 ||   227
Invok: Heroism           |       |       |     1 |       ||     1
Evoke: Wand              |       |       |       |     1 ||     1
       Deck              |       |       |       |     1 ||     1
  Use: Potion            |       |       |     3 |    11 ||    14
       Scroll            |       |       |     9 |    12 ||    21
 Stab: Distracted        |       |       |       |     1 ||     1
  Eat: Chunk             |       |     6 |    13 |     9 ||    28
       Fruit             |       |       |     4 |       ||     4
       Beef jerky        |       |       |       |     1 ||     1
Armor: Scale mail        |    17 |    70 |   113 |    10 ||   210
       Ring mail         |       |       |       |    51 ||    51
Dodge: Dodged            |    22 |    38 |   112 |    98 ||   270
Block: Shield            |    28 |    55 |   205 |       ||   288
       Reflection        |       |       |     4 |     2 ||     6
       Other             |       |       |    14 |    52 ||    66
